[ AOE2 MATCH · #466172652 ]
UnrankedLithuanians vs Saracens
[ REPLAY ANALYSIS · EXTRACTED FROM THE RECORDED GAME ]
Feudal
8:28
Castle
21:11
Imperial
28:45
| APM avg | 49.6 |
| APM peak | 96 |
| eAPM avg | 29.6 |
| Villagers / military | 101 / 36 |
Focus
⚔️ 36.3% · 🌾 63.7%
Cavalry Archer ×18 · Archer ×12 · Leitis ×3 · Trebuchet (Packed) ×2 · Petard ×1
Feudal
10:32
Castle
14:27
Imperial
28:59
| APM avg | 39.7 |
| APM peak | 73 |
| eAPM avg | 27.8 |
| Villagers / military | 159 / 96 |
Focus
⚔️ 32.5% · 🌾 67.5%
Archer ×96 · Trade Cart ×20
Feudal
10:43
Castle
21:32
Imperial
28:57
| APM avg | 35.4 |
| APM peak | 68 |
| eAPM avg | 18.7 |
| Villagers / military | 101 / 8 |
Focus
⚔️ 30.1% · 🌾 69.9%
Unknown (2550) ×59 · Fishing Ship ×35 · Battering Ram ×7 · Trebuchet (Packed) ×1
Feudal
11:34
Castle
19:37
Imperial
32:49
| APM avg | 44.7 |
| APM peak | 91 |
| eAPM avg | 27.1 |
| Villagers / military | 96 / 3 |
Focus
⚔️ 21.8% · 🌾 78.2%
Fishing Ship ×30 · Petard ×2 · Monk ×1
Feudal
10:33
Castle
23:05
Imperial
27:13
| APM avg | 49.0 |
| APM peak | 125 |
| eAPM avg | 29.1 |
| Villagers / military | 92 / 29 |
Focus
⚔️ 35.4% · 🌾 64.6%
Fishing Ship ×22 · Monk ×17 · Trebuchet (Packed) ×7 · Elephant Archer ×5
Feudal
10:33
Castle
23:35
Imperial
28:50
| APM avg | 33.7 |
| APM peak | 79 |
| eAPM avg | 16.0 |
| Villagers / military | 44 / 32 |
Focus
⚔️ 34.2% · 🌾 65.8%
Monk ×15 · Samurai ×6 · Fishing Ship ×5 · Trebuchet (Packed) ×5 · Militia ×4 · Spearman ×2
Feudal
11:49
Castle
16:22
Imperial
—
| APM avg | 36.4 |
| APM peak | 145 |
| eAPM avg | 16.0 |
| Villagers / military | 85 / 44 |
Focus
⚔️ 29.6% · 🌾 70.4%
Battle Elephant ×36 · Scout Cavalry ×7 · Fishing Ship ×5 · Knight ×1
Feudal
12:18
Castle
16:23
Imperial
30:29
| APM avg | 51.8 |
| APM peak | 137 |
| eAPM avg | 20.7 |
| Villagers / military | 100 / 40 |
Focus
⚔️ 24.9% · 🌾 75.1%
Fishing Ship ×38 · Archer ×25 · Karambit Warrior ×9 · Monk ×3 · Bombard Cannon ×2 · Trebuchet (Packed) ×1
Match map
Initial resources + every placement click. Lines = walls · curves = elevation contours. ◆ gold · ⬟ stone · ● berries · ✦ relic · ◌ wall gap
Your base· Open — opponent sealed themselves in
Alian713's base· ✓ Closed at 14:27 · 0t walls · no gate
Z4Ge's base· ✓ Closed at 21:32 · 0t walls · no gate
MrDoDo's base· Open — opponent sealed themselves in
Tulendeena's base· ✓ Closed at 23:05 · 57t walls · 2 gate(s)
Frédéric Chopin's base· ✓ Closed at 23:35 · 54t walls · no gate
Failey's base· Open — opponent sealed themselves in
CharChar's base· Open — opponent sealed themselves in
Smoothed initial terrain · ◌ = detected wall gap · hover for details
Inputs per minute
— Grand Nagus - - Alian713
Build order — Grand Nagus
First 150 of 209 actions detected
| 0:03 | Queue | Villager (Male) |
| 0:04 | Build | House |
| 0:04 | Queue | Villager (Male) |
| 0:05 | Build | House |
| 0:18 | Queue | Villager (Male) |
| 0:28 | Queue | Villager (Male) |
| 0:31 | Queue | Villager (Male) |
| 0:32 | Queue | Villager (Male) |
| 1:25 | Queue | Villager (Male) |
| 1:46 | Build | Lumber Camp |
| 1:57 | Queue | Villager (Male) |
| 2:13 | Queue | Villager (Male) |
| 2:29 | Queue | Villager (Male) |
| 3:05 | Queue | Villager (Male) |
| 3:28 | Queue | Villager (Male) |
| 3:43 | Build | House |
| 3:49 | Queue | Villager (Male) |
| 4:02 | Queue | Villager (Male) |
| 4:20 | Queue | Villager (Male) |
| 4:36 | Queue | Villager (Male) |
| 4:36 | Queue | Villager (Male) |
| 4:53 | Build | Mill |
| 4:57 | Queue | Villager (Male) |
| 5:12 | Queue | Villager (Male) |
| 5:37 | Queue | Villager (Male) |
| 5:48 | Queue | Villager (Male) |
| 6:00 | Research | Loom |
| 6:05 | Build | House |
| 6:15 | Research | Feudal Age |
| 6:15 | Research | Feudal Age |
| 7:09 | Build | Barracks |
| 7:48 | Queue | Villager (Male) |
| 7:53 | Build | Mining Camp |
| 8:10 | Queue | Villager (Male) |
| 8:28 | Age | Feudal Age |
| 8:29 | Build | Archery Range |
| 8:35 | Queue | Villager (Male) |
| 8:44 | Queue | Villager (Male) |
| 8:51 | Build | House |
| 8:51 | Build | House |
| 8:52 | Queue | Villager (Male) |
| 8:57 | Build | Watch Tower |
| 8:58 | Queue | Archer |
| 8:58 | Queue | Archer |
| 9:00 | Queue | Villager (Male) |
| 9:14 | Research | Double-Bit Axe |
| 9:16 | Queue | Villager (Male) |
| 9:32 | Queue | Villager (Male) |
| 9:54 | Queue | Archer |
| 9:55 | Queue | Archer |
| 10:07 | Queue | Villager (Male) |
| 10:20 | Build | House |
| 10:20 | Build | House |
| 10:29 | Queue | Archer |
| 10:29 | Queue | Archer |
| 10:31 | Queue | Villager (Male) |
| 10:54 | Build | Mining Camp |
| 11:02 | Queue | Villager (Male) |
| 11:20 | Queue | Villager (Male) |
| 11:25 | Queue | Archer |
| 11:25 | Queue | Archer |
| 11:25 | Queue | Villager (Male) |
| 11:47 | Queue | Villager (Male) |
| 11:51 | Queue | Villager (Male) |
| 11:57 | Build | Farm |
| 11:58 | Build | Farm |
| 12:02 | Queue | Archer |
| 12:02 | Queue | Archer |
| 12:09 | Queue | Villager (Male) |
| 12:09 | Queue | Villager (Male) |
| 12:17 | Build | Watch Tower |
| 12:27 | Research | Loom |
| 12:28 | Queue | Villager (Male) |
| 12:38 | Queue | Villager (Male) |
| 12:38 | Queue | Villager (Male) |
| 12:57 | Build | Blacksmith |
| 12:58 | Queue | Villager (Male) |
| 13:06 | Queue | Villager (Male) |
| 13:13 | Build | Farm |
| 13:14 | Build | Farm |
| 13:27 | Build | Farm |
| 13:35 | Queue | Villager (Male) |
| 13:36 | Build | House |
| 13:47 | Research | Fletching |
| 13:48 | Queue | Villager (Male) |
| 14:05 | Queue | Villager (Male) |
| 14:18 | Build | Farm |
| 14:18 | Build | Farm |
| 14:19 | Queue | Villager (Male) |
| 14:20 | Queue | Villager (Male) |
| 14:39 | Queue | Villager (Male) |
| 14:43 | Build | Farm |
| 14:48 | Queue | Villager (Male) |
| 14:59 | Queue | Villager (Male) |
| 14:59 | Queue | Villager (Male) |
| 15:00 | Queue | Villager (Male) |
| 15:00 | Queue | Villager (Male) |
| 15:14 | Queue | Villager (Male) |
| 15:14 | Queue | Villager (Male) |
| 15:18 | Build | Palisade Wall |
| 15:21 | Queue | Villager (Male) |
| 15:40 | Queue | Villager (Male) |
| 15:46 | Queue | Villager (Male) |
| 15:48 | Queue | Villager (Male) |
| 15:48 | Queue | Villager (Male) |
| 15:48 | Queue | Villager (Male) |
| 15:48 | Queue | Villager (Male) |
| 16:01 | Queue | Villager (Male) |
| 16:05 | Queue | Villager (Male) |
| 16:05 | Queue | Villager (Male) |
| 16:22 | Queue | Villager (Male) |
| 16:27 | Queue | Villager (Male) |
| 16:34 | Queue | Villager (Male) |
| 16:42 | Queue | Villager (Male) |
| 16:42 | Queue | Villager (Male) |
| 16:52 | Queue | Villager (Male) |
| 16:59 | Queue | Villager (Male) |
| 17:23 | Build | Market |
| 17:25 | Queue | Villager (Male) |
| 17:31 | Queue | Villager (Male) |
| 18:31 | Research | Castle Age |
| 18:31 | Research | Castle Age |
| 19:18 | Build | House |
| 19:19 | Build | House |
| 19:20 | Research | Horse Collar |
| 19:20 | Research | Horse Collar |
| 19:51 | Queue | Villager (Male) |
| 20:15 | Build | Outpost |
| 20:26 | Queue | Archer |
| 20:26 | Queue | Archer |
| 20:28 | Build | Outpost |
| 20:30 | Queue | Villager (Male) |
| 20:38 | Queue | Villager (Male) |
| 20:38 | Queue | Villager (Male) |
| 20:43 | Build | Palisade Wall |
| 20:51 | Queue | Villager (Male) |
| 21:03 | Queue | Villager (Male) |
| 21:11 | Age | Castle Age |
| 21:12 | Build | Castle |
| 21:27 | Queue | Villager (Male) |
| 21:33 | Queue | Villager (Male) |
| 21:53 | Research | Bodkin Arrow |
| 21:53 | Research | Bodkin Arrow |
| 21:55 | Queue | Villager (Male) |
| 22:19 | Build | Lumber Camp |
| 22:22 | Queue | Villager (Male) |
| 22:29 | Queue | Villager (Male) |
| 22:36 | Queue | Leitis |
| 22:36 | Queue | Leitis |
| 22:58 | Queue | Leitis |
Build order — Alian713
First 150 of 456 actions detected
| 0:01 | Queue | Villager (Male) |
| 0:01 | Queue | Villager (Male) |
| 0:02 | Build | House |
| 0:03 | Build | House |
| 0:09 | Queue | Villager (Male) |
| 0:10 | Queue | Villager (Male) |
| 1:08 | Queue | Villager (Male) |
| 1:40 | Queue | Villager (Male) |
| 1:41 | Queue | Villager (Male) |
| 2:24 | Queue | Villager (Male) |
| 2:29 | Build | Lumber Camp |
| 2:32 | Queue | Villager (Male) |
| 3:04 | Queue | Villager (Male) |
| 3:04 | Queue | Villager (Male) |
| 3:29 | Queue | Villager (Male) |
| 3:57 | Build | House |
| 3:58 | Build | House |
| 4:01 | Queue | Villager (Male) |
| 4:17 | Queue | Villager (Male) |
| 4:37 | Queue | Villager (Male) |
| 5:00 | Queue | Villager (Male) |
| 5:07 | Build | Mill |
| 5:08 | Queue | Villager (Male) |
| 5:34 | Queue | Villager (Male) |
| 5:37 | Queue | Villager (Male) |
| 6:13 | Queue | Villager (Male) |
| 6:18 | Queue | Villager (Male) |
| 6:19 | Build | Farm |
| 6:21 | Build | Farm |
| 6:24 | Build | Farm |
| 6:38 | Queue | Villager (Male) |
| 7:05 | Queue | Villager (Male) |
| 7:41 | Queue | Villager (Male) |
| 8:07 | Research | Feudal Age |
| 8:07 | Research | Feudal Age |
| 8:10 | Build | Mining Camp |
| 9:26 | Queue | Villager (Male) |
| 9:54 | Build | House |
| 10:09 | Queue | Villager (Male) |
| 10:32 | Age | Feudal Age |
| 10:49 | Build | Market |
| 10:50 | Build | Blacksmith |
| 10:55 | Queue | Villager (Male) |
| 11:46 | Research | Castle Age |
| 11:46 | Research | Castle Age |
| 11:58 | Queue | Villager (Male) |
| 12:20 | Build | House |
| 12:24 | Research | Double-Bit Axe |
| 12:24 | Research | Double-Bit Axe |
| 12:32 | Research | Horse Collar |
| 12:33 | Research | Horse Collar |
| 12:58 | Queue | Villager (Male) |
| 13:22 | Queue | Villager (Male) |
| 14:08 | Build | Farm |
| 14:08 | Build | Farm |
| 14:27 | Age | Castle Age |
| 14:28 | Build | Town Center |
| 14:31 | Build | Town Center |
| 14:33 | Queue | Villager (Male) |
| 14:42 | Research | Bow Saw |
| 14:42 | Research | Heavy Plow |
| 14:47 | Research | Heavy Plow |
| 14:47 | Research | Heavy Plow |
| 14:54 | Queue | Villager (Male) |
| 14:56 | Queue | Villager (Male) |
| 15:01 | Build | Farm |
| 15:04 | Queue | Villager (Male) |
| 15:24 | Build | Farm |
| 15:26 | Build | Farm |
| 15:28 | Queue | Villager (Male) |
| 15:42 | Build | Farm |
| 15:53 | Queue | Villager (Male) |
| 15:59 | Queue | Villager (Male) |
| 15:59 | Queue | Villager (Male) |
| 16:09 | Build | Farm |
| 16:21 | Queue | Villager (Male) |
| 16:21 | Queue | Villager (Male) |
| 16:25 | Build | Farm |
| 16:33 | Build | Farm |
| 16:35 | Queue | Villager (Male) |
| 16:35 | Queue | Villager (Male) |
| 16:40 | Build | Farm |
| 16:49 | Build | Farm |
| 16:51 | Queue | Villager (Male) |
| 16:51 | Queue | Villager (Male) |
| 16:59 | Queue | Villager (Male) |
| 16:59 | Queue | Villager (Male) |
| 17:00 | Build | Farm |
| 17:01 | Queue | Villager (Male) |
| 17:23 | Build | Farm |
| 17:24 | Queue | Villager (Male) |
| 17:24 | Queue | Villager (Male) |
| 17:27 | Build | Farm |
| 17:30 | Queue | Villager (Male) |
| 17:30 | Queue | Villager (Male) |
| 17:32 | Queue | Villager (Male) |
| 17:32 | Queue | Villager (Male) |
| 17:38 | Queue | Villager (Male) |
| 17:40 | Build | Farm |
| 17:51 | Build | Farm |
| 17:55 | Queue | Villager (Male) |
| 17:55 | Queue | Villager (Male) |
| 17:57 | Build | Farm |
| 18:07 | Queue | Villager (Male) |
| 18:07 | Queue | Villager (Male) |
| 18:10 | Build | House |
| 18:11 | Build | House |
| 18:11 | Build | House |
| 18:11 | Build | House |
| 18:11 | Build | House |
| 18:16 | Queue | Villager (Male) |
| 18:28 | Queue | Villager (Male) |
| 18:28 | Queue | Villager (Male) |
| 18:29 | Queue | Villager (Male) |
| 18:33 | Build | Farm |
| 18:33 | Build | Farm |
| 18:41 | Queue | Villager (Male) |
| 18:44 | Build | Farm |
| 18:56 | Queue | Villager (Male) |
| 18:56 | Queue | Villager (Male) |
| 19:03 | Queue | Villager (Male) |
| 19:04 | Queue | Villager (Male) |
| 19:08 | Build | Town Center |
| 19:11 | Queue | Villager (Male) |
| 19:13 | Build | House |
| 19:14 | Build | House |
| 19:15 | Build | House |
| 19:20 | Queue | Villager (Male) |
| 19:23 | Build | Farm |
| 19:33 | Queue | Villager (Male) |
| 19:34 | Queue | Villager (Male) |
| 19:34 | Queue | Villager (Male) |
| 19:36 | Build | Farm |
| 19:37 | Build | Farm |
| 19:37 | Build | Farm |
| 19:56 | Queue | Villager (Male) |
| 19:56 | Queue | Villager (Male) |
| 20:01 | Queue | Villager (Male) |
| 20:03 | Build | Farm |
| 20:03 | Build | Farm |
| 20:03 | Build | Farm |
| 20:06 | Queue | Villager (Male) |
| 20:12 | Queue | Villager (Male) |
| 20:16 | Build | Farm |
| 20:16 | Build | Farm |
| 20:16 | Build | Farm |
| 20:20 | Queue | Villager (Male) |
| 20:21 | Build | Farm |
| 20:24 | Build | House |
| 20:25 | Build | House |
Build order — Z4Ge
First 150 of 260 actions detected
| 0:02 | Queue | Villager (Male) |
| 0:02 | Build | House |
| 0:04 | Build | House |
| 0:22 | Queue | Villager (Male) |
| 0:22 | Queue | Villager (Male) |
| 0:42 | Queue | Villager (Male) |
| 1:27 | Queue | Villager (Male) |
| 1:58 | Queue | Villager (Male) |
| 2:11 | Build | Settlement |
| 2:19 | Queue | Villager (Male) |
| 2:56 | Queue | Villager (Male) |
| 3:11 | Queue | Villager (Male) |
| 3:39 | Queue | Villager (Male) |
| 3:56 | Queue | Villager (Male) |
| 4:19 | Queue | Villager (Male) |
| 4:57 | Queue | Villager (Male) |
| 5:26 | Queue | Villager (Male) |
| 5:27 | Queue | Villager (Male) |
| 5:52 | Queue | Villager (Male) |
| 5:58 | Research | Loom |
| 6:03 | Build | House |
| 6:11 | Build | House |
| 6:20 | Queue | Villager (Male) |
| 6:32 | Build | House |
| 6:41 | Build | House |
| 6:46 | Queue | Villager (Male) |
| 7:01 | Queue | Villager (Male) |
| 7:25 | Build | Dock |
| 7:55 | Queue | Villager (Male) |
| 8:06 | Build | Settlement |
| 8:33 | Research | Feudal Age |
| 8:43 | Build | Settlement |
| 8:45 | Queue | Fishing Ship |
| 9:38 | Queue | Villager (Male) |
| 9:41 | Queue | Fishing Ship |
| 9:52 | Build | Dock |
| 9:57 | Build | House |
| 9:59 | Queue | Fishing Ship |
| 10:27 | Build | Barracks |
| 10:43 | Age | Feudal Age |
| 10:56 | Research | Double-Bit Axe |
| 10:58 | Queue | Villager (Male) |
| 11:23 | Queue | Unit 2550 |
| 11:23 | Queue | Unit 2550 |
| 11:30 | Queue | Fishing Ship ×2 |
| 11:32 | Queue | Villager (Male) |
| 11:32 | Queue | Villager (Male) |
| 11:46 | Queue | Villager (Male) |
| 12:08 | Queue | Fishing Ship |
| 12:08 | Queue | Fishing Ship |
| 12:10 | Queue | Villager (Male) |
| 12:22 | Build | Dock |
| 12:37 | Research | Tech 1402 |
| 12:49 | Queue | Villager (Male) |
| 13:01 | Queue | Fishing Ship ×3 |
| 13:26 | Queue | Villager (Male) |
| 13:37 | Queue | Fishing Ship |
| 13:39 | Queue | Fishing Ship |
| 13:49 | Queue | Unit 2550 |
| 13:49 | Queue | Unit 2550 |
| 14:05 | Queue | Villager (Male) |
| 14:10 | Queue | Fishing Ship ×3 |
| 14:25 | Queue | Villager (Male) |
| 14:33 | Build | Settlement |
| 14:46 | Queue | Villager (Male) |
| 14:47 | Queue | Fishing Ship |
| 14:50 | Queue | Villager (Male) |
| 15:12 | Build | Fish Trap |
| 15:19 | Queue | Villager (Male) |
| 15:41 | Queue | Fishing Ship ×2 |
| 15:50 | Queue | Unit 2550 |
| 15:51 | Queue | Unit 2550 |
| 15:56 | Queue | Villager (Male) |
| 16:00 | Build | House |
| 16:01 | Build | House |
| 16:06 | Build | Fish Trap |
| 16:18 | Build | Fish Trap |
| 16:31 | Queue | Villager (Male) |
| 16:32 | Queue | Villager (Male) |
| 16:53 | Build | Fish Trap |
| 17:14 | Build | Settlement |
| 17:15 | Queue | Villager (Male) |
| 17:21 | Build | House |
| 17:25 | Build | Fish Trap |
| 17:29 | Build | Fish Trap |
| 17:45 | Build | Fish Trap |
| 17:52 | Queue | Villager (Male) |
| 17:56 | Build | Market |
| 18:12 | Build | Blacksmith |
| 18:14 | Queue | Villager (Male) |
| 18:37 | Build | Fish Trap |
| 18:52 | Research | Castle Age |
| 18:56 | Build | House |
| 18:57 | Build | House |
| 18:59 | Build | Fish Trap |
| 19:01 | Build | Fish Trap |
| 19:03 | Build | Fish Trap |
| 19:12 | Build | Fish Trap |
| 19:43 | Build | Fish Trap |
| 19:55 | Build | House |
| 19:56 | Build | House |
| 19:58 | Build | Fish Trap |
| 20:00 | Build | Fish Trap |
| 20:13 | Build | Fish Trap |
| 20:17 | Research | Tech 906 |
| 20:28 | Build | Fish Trap |
| 20:40 | Queue | Fishing Ship ×4 |
| 20:58 | Build | House |
| 21:02 | Queue | Fishing Ship ×3 |
| 21:14 | Research | Wheelbarrow |
| 21:29 | Build | Fish Trap |
| 21:32 | Age | Castle Age |
| 21:39 | Build | Dock |
| 21:43 | Build | Fish Trap |
| 21:53 | Research | Bow Saw |
| 21:56 | Queue | Fishing Ship |
| 22:11 | Build | Town Center |
| 22:23 | Build | Fish Trap |
| 22:25 | Build | Fish Trap |
| 22:30 | Queue | Villager (Male) |
| 22:33 | Queue | Fishing Ship |
| 22:48 | Build | Fish Trap |
| 23:10 | Build | Fish Trap |
| 23:12 | Build | Fish Trap |
| 23:16 | Build | Fish Trap |
| 23:16 | Queue | Villager (Male) |
| 23:18 | Queue | Villager (Male) |
| 23:27 | Build | Fish Trap |
| 23:29 | Queue | Villager (Male) ×5 |
| 23:47 | Research | Stone Mining |
| 23:50 | Research | Gold Mining |
| 24:15 | Queue | Villager (Male) |
| 24:18 | Build | Monastery |
| 24:27 | Research | Gillnets |
| 24:29 | Queue | Fishing Ship ×4 |
| 24:46 | Build | University |
| 25:06 | Queue | Villager (Male) |
| 25:07 | Queue | Villager (Male) |
| 25:08 | Queue | Villager (Male) |
| 25:23 | Build | Fish Trap |
| 25:25 | Build | Fish Trap |
| 25:26 | Build | Fish Trap |
| 25:29 | Queue | Fishing Ship |
| 25:29 | Queue | Fishing Ship |
| 25:32 | Queue | Villager (Male) |
| 25:32 | Queue | Villager (Male) |
| 25:47 | Research | Imperial Age |
| 25:50 | Queue | Fishing Ship |
| 25:50 | Queue | Fishing Ship |
| 25:57 | Build | Fish Trap |
Build order — MrDoDo
First 150 of 266 actions detected
| 0:01 | Queue | Villager (Male) |
| 0:02 | Queue | Villager (Male) |
| 0:02 | Queue | Villager (Male) |
| 0:03 | Build | House |
| 0:05 | Build | House |
| 0:12 | Queue | Villager (Male) |
| 0:36 | Research | Loom |
| 0:44 | Queue | Villager (Male) |
| 0:44 | Queue | Villager (Male) |
| 1:22 | Build | Palisade Wall |
| 2:11 | Queue | Villager (Male) |
| 3:03 | Build | Palisade Wall |
| 3:09 | Queue | Villager (Male) |
| 3:19 | Queue | Villager (Male) |
| 3:33 | Build | House |
| 3:38 | Queue | Villager (Male) |
| 4:12 | Build | Palisade Wall |
| 4:17 | Build | Palisade Wall |
| 4:22 | Queue | Villager (Male) |
| 4:30 | Build | Palisade Wall |
| 4:36 | Queue | Villager (Male) |
| 4:36 | Queue | Villager (Male) |
| 5:18 | Build | Lumber Camp |
| 5:20 | Queue | Villager (Male) |
| 5:36 | Queue | Villager (Male) |
| 5:55 | Queue | Villager (Male) |
| 5:55 | Queue | Villager (Male) |
| 5:56 | Queue | Villager (Male) |
| 6:24 | Build | House |
| 6:45 | Queue | Villager (Male) |
| 7:02 | Queue | Villager (Male) |
| 7:02 | Queue | Villager (Male) |
| 7:04 | Queue | Villager (Male) |
| 7:31 | Queue | Villager (Male) |
| 8:07 | Build | Dock |
| 8:10 | Queue | Villager (Male) |
| 8:51 | Queue | Fishing Ship |
| 8:53 | Build | House |
| 9:24 | Research | Feudal Age |
| 9:31 | Build | Mining Camp |
| 9:41 | Build | House |
| 10:24 | Queue | Fishing Ship |
| 10:47 | Build | Palisade Wall |
| 11:10 | Build | Palisade Wall |
| 11:34 | Age | Feudal Age |
| 11:39 | Build | Mining Camp |
| 11:49 | Build | Watch Tower |
| 11:59 | Build | House |
| 12:06 | Build | Palisade Wall |
| 12:07 | Queue | Villager (Male) |
| 12:25 | Queue | Villager (Male) |
| 12:38 | Build | Stone Wall |
| 12:42 | Build | Stone Wall |
| 12:50 | Queue | Villager (Male) |
| 12:53 | Build | Mill |
| 12:55 | Queue | Villager (Male) |
| 13:02 | Queue | Villager (Male) |
| 13:02 | Queue | Villager (Male) |
| 13:32 | Build | Watch Tower |
| 13:44 | Queue | Fishing Ship |
| 13:53 | Queue | Villager (Male) |
| 13:53 | Queue | Villager (Male) |
| 13:53 | Queue | Villager (Male) |
| 14:11 | Build | Gate |
| 14:13 | Build | Stone Wall |
| 14:17 | Build | Stone Wall |
| 14:18 | Build | Stone Wall |
| 14:37 | Queue | Villager (Male) |
| 14:52 | Queue | Fishing Ship |
| 15:02 | Build | Market |
| 15:12 | Build | Outpost |
| 15:16 | Research | Town Watch |
| 15:50 | Build | Blacksmith |
| 16:03 | Queue | Villager (Male) |
| 16:12 | Build | Stone Wall |
| 16:57 | Research | Castle Age |
| 17:09 | Queue | Fishing Ship |
| 17:19 | Build | Stone Wall |
| 17:21 | Build | Stone Wall |
| 17:24 | Build | House |
| 17:29 | Queue | Fishing Ship |
| 17:54 | Research | Double-Bit Axe |
| 18:17 | Build | Outpost |
| 18:37 | Build | Stone Wall |
| 18:39 | Build | Stone Wall |
| 18:51 | Queue | Fishing Ship |
| 19:37 | Age | Castle Age |
| 19:56 | Queue | Villager (Male) |
| 19:56 | Queue | Villager (Male) |
| 20:10 | Build | Town Center |
| 20:12 | Research | Bow Saw |
| 20:27 | Queue | Villager (Male) |
| 20:34 | Research | Tech 906 |
| 20:42 | Build | Dock |
| 20:43 | Queue | Villager (Male) |
| 20:55 | Queue | Villager (Male) |
| 21:12 | Queue | Fishing Ship |
| 21:13 | Queue | Fishing Ship |
| 21:20 | Research | Gillnets |
| 21:25 | Build | Dock |
| 21:34 | Build | Monastery |
| 21:38 | Build | Gate |
| 21:43 | Queue | Villager (Male) |
| 21:49 | Queue | Fishing Ship |
| 21:49 | Queue | Fishing Ship |
| 21:50 | Queue | Villager (Male) |
| 22:06 | Queue | Villager (Male) |
| 22:06 | Queue | Villager (Male) |
| 22:10 | Build | Fish Trap |
| 22:14 | Build | Fish Trap |
| 22:18 | Build | Fish Trap |
| 22:21 | Queue | Villager (Male) |
| 22:24 | Build | House |
| 22:25 | Build | House |
| 22:28 | Build | House |
| 22:31 | Queue | Villager (Male) |
| 22:44 | Build | Fish Trap |
| 22:47 | Build | House |
| 22:50 | Queue | Villager (Male) |
| 23:28 | Build | Stone Wall |
| 23:30 | Build | Gate |
| 23:32 | Queue | Villager (Male) |
| 23:32 | Queue | Villager (Male) |
| 23:32 | Queue | Villager (Male) |
| 23:35 | Queue | Fishing Ship |
| 23:36 | Queue | Fishing Ship |
| 23:36 | Queue | Fishing Ship |
| 23:36 | Queue | Fishing Ship |
| 23:36 | Queue | Fishing Ship |
| 23:42 | Build | Dock |
| 23:44 | Queue | Monk |
| 23:46 | Build | House |
| 23:47 | Build | House |
| 23:48 | Build | House |
| 23:56 | Build | Fish Trap |
| 24:02 | Build | Fish Trap |
| 24:05 | Build | Fish Trap |
| 24:12 | Queue | Villager (Male) |
| 24:12 | Queue | Villager (Male) |
| 24:13 | Queue | Villager (Male) |
| 24:18 | Build | Fish Trap |
| 24:22 | Build | Fish Trap |
| 24:25 | Queue | Villager (Male) |
| 24:40 | Build | Fish Trap |
| 24:42 | Build | Fish Trap |
| 24:46 | Build | Fish Trap |
| 24:52 | Build | Fish Trap |
| 24:55 | Queue | Villager (Male) |
| 24:55 | Queue | Villager (Male) |
| 25:01 | Queue | Villager (Male) |
Build order — Tulendeena
First 150 of 266 actions detected
| 0:01 | Queue | Villager (Male) |
| 0:01 | Queue | Villager (Male) |
| 0:02 | Build | House |
| 0:03 | Build | House |
| 0:21 | Queue | Villager (Male) |
| 0:24 | Queue | Villager (Male) |
| 1:12 | Research | Loom |
| 1:29 | Queue | Villager (Male) |
| 2:08 | Build | House |
| 2:14 | Build | House |
| 2:31 | Build | Palisade Wall |
| 2:33 | Queue | Villager (Male) |
| 2:43 | Build | Palisade Wall |
| 2:44 | Build | Palisade Wall |
| 2:51 | Queue | Villager (Male) |
| 3:08 | Build | Lumber Camp |
| 3:23 | Queue | Villager (Male) |
| 3:40 | Build | Palisade Wall |
| 3:45 | Queue | Villager (Male) |
| 4:00 | Build | Palisade Wall |
| 4:04 | Build | Palisade Wall |
| 4:12 | Queue | Villager (Male) |
| 4:25 | Build | Palisade Wall |
| 4:39 | Queue | Villager (Male) |
| 4:54 | Queue | Villager (Male) |
| 5:29 | Queue | Villager (Male) |
| 5:29 | Queue | Villager (Male) |
| 5:47 | Queue | Villager (Male) |
| 6:19 | Build | Palisade Wall |
| 6:25 | Queue | Villager (Male) |
| 6:30 | Queue | Villager (Male) |
| 6:39 | Queue | Villager (Male) |
| 7:52 | Queue | Villager (Male) |
| 7:56 | Build | Mill |
| 8:23 | Research | Feudal Age |
| 8:23 | Research | Feudal Age |
| 8:50 | Build | Palisade Wall |
| 8:58 | Build | Lumber Camp |
| 9:14 | Build | Palisade Wall |
| 9:20 | Build | Palisade Wall |
| 9:43 | Queue | Villager (Male) |
| 10:10 | Build | Dock |
| 10:33 | Age | Feudal Age |
| 10:36 | Build | Stone Wall |
| 10:37 | Queue | Villager (Male) |
| 10:42 | Build | Stone Wall |
| 10:50 | Build | Stone Wall |
| 10:52 | Build | Stone Wall |
| 10:54 | Queue | Villager (Male) |
| 10:57 | Build | Stone Wall |
| 11:02 | Build | House |
| 11:04 | Build | Mining Camp |
| 11:24 | Build | House |
| 11:24 | Build | House |
| 11:25 | Build | House |
| 11:26 | Queue | Fishing Ship |
| 11:44 | Queue | Villager (Male) |
| 12:00 | Queue | Villager (Male) |
| 12:01 | Queue | Fishing Ship |
| 12:11 | Build | Watch Tower |
| 12:17 | Research | Double-Bit Axe |
| 12:18 | Research | Double-Bit Axe |
| 12:19 | Queue | Villager (Male) |
| 12:19 | Queue | Villager (Male) |
| 12:32 | Queue | Villager (Male) |
| 12:46 | Queue | Fishing Ship |
| 13:05 | Queue | Villager (Male) |
| 13:09 | Queue | Fishing Ship |
| 13:19 | Queue | Villager (Male) |
| 13:27 | Queue | Fishing Ship |
| 13:28 | Build | House |
| 13:30 | Build | House |
| 13:33 | Queue | Villager (Male) |
| 13:35 | Build | Mining Camp |
| 13:50 | Queue | Villager (Male) |
| 14:01 | Queue | Fishing Ship |
| 14:01 | Queue | Villager (Male) |
| 14:20 | Build | House |
| 14:21 | Build | House |
| 14:23 | Queue | Fishing Ship |
| 14:48 | Queue | Villager (Male) |
| 15:00 | Build | Stone Wall |
| 15:01 | Build | Gate |
| 15:08 | Queue | Fishing Ship |
| 15:10 | Build | Fish Trap |
| 15:13 | Build | Fish Trap |
| 15:15 | Queue | Villager (Male) |
| 15:37 | Queue | Villager (Male) |
| 15:50 | Queue | Villager (Male) |
| 16:14 | Queue | Fishing Ship |
| 16:17 | Build | Fish Trap |
| 16:19 | Build | Fish Trap |
| 16:23 | Research | Tech 906 |
| 16:24 | Queue | Villager (Male) |
| 16:40 | Queue | Villager (Male) |
| 16:58 | Queue | Villager (Male) |
| 17:14 | Build | Dock |
| 17:16 | Queue | Fishing Ship |
| 17:17 | Queue | Villager (Male) |
| 17:21 | Build | Fish Trap |
| 17:38 | Queue | Villager (Male) |
| 17:50 | Build | House |
| 17:52 | Queue | Fishing Ship |
| 17:58 | Build | Market |
| 18:01 | Queue | Villager (Male) |
| 18:13 | Queue | Villager (Male) |
| 18:18 | Queue | Fishing Ship |
| 18:39 | Queue | Villager (Male) |
| 18:44 | Build | Watch Tower |
| 18:49 | Queue | Fishing Ship |
| 19:15 | Queue | Fishing Ship |
| 19:15 | Queue | Fishing Ship |
| 19:31 | Build | House |
| 19:37 | Build | House |
| 19:39 | Build | House |
| 19:57 | Queue | Villager (Male) |
| 19:59 | Build | Blacksmith |
| 20:04 | Queue | Fishing Ship |
| 20:04 | Queue | Fishing Ship |
| 20:05 | Queue | Villager (Male) |
| 20:13 | Build | Stone Wall |
| 20:15 | Build | Stone Wall |
| 20:25 | Research | Castle Age |
| 20:25 | Research | Castle Age |
| 20:33 | Queue | Fishing Ship |
| 20:33 | Queue | Fishing Ship |
| 20:48 | Queue | Fishing Ship |
| 20:52 | Build | Fish Trap |
| 20:56 | Build | Fish Trap |
| 20:59 | Queue | Villager (Male) |
| 21:06 | Build | Fish Trap |
| 21:09 | Queue | Villager (Male) |
| 21:24 | Queue | Villager (Male) |
| 21:35 | Build | Gate |
| 21:52 | Queue | Villager (Male) |
| 22:01 | Build | Stone Wall |
| 22:07 | Queue | Villager (Male) |
| 22:20 | Queue | Villager (Male) |
| 22:29 | Build | Market |
| 22:33 | Build | Market |
| 22:36 | Queue | Villager (Male) |
| 22:37 | Build | House |
| 22:39 | Build | Palisade Wall |
| 22:41 | Build | Market |
| 22:47 | Queue | Villager (Male) |
| 22:53 | Build | Blacksmith |
| 23:05 | Age | Castle Age |
| 23:07 | Build | Castle |
| 23:12 | Queue | Villager (Male) |
| 23:28 | Build | Fish Trap |
Build order — Frédéric Chopin
First 150 of 153 actions detected
| 0:02 | Queue | Villager (Male) |
| 0:03 | Queue | Villager (Male) |
| 0:03 | Queue | Villager (Male) |
| 0:05 | Build | House |
| 0:07 | Build | House |
| 0:28 | Queue | Villager (Male) |
| 0:41 | Research | Loom |
| 0:52 | Build | Palisade Wall |
| 0:55 | Build | Palisade Wall |
| 0:57 | Build | Palisade Wall |
| 1:02 | Queue | Villager (Male) |
| 1:03 | Queue | Villager (Male) |
| 1:49 | Queue | Villager (Male) |
| 2:28 | Build | Palisade Wall |
| 2:29 | Queue | Villager (Male) |
| 2:56 | Queue | Villager (Male) |
| 3:19 | Queue | Villager (Male) |
| 3:44 | Build | House |
| 3:54 | Queue | Villager (Male) |
| 4:21 | Queue | Villager (Male) |
| 4:26 | Queue | Villager (Male) |
| 4:38 | Build | Lumber Camp |
| 5:03 | Queue | Villager (Male) |
| 5:40 | Queue | Villager (Male) |
| 5:40 | Queue | Villager (Male) |
| 6:13 | Queue | Villager (Male) |
| 6:19 | Queue | Villager (Male) |
| 6:57 | Queue | Villager (Male) |
| 7:32 | Build | Barracks |
| 7:42 | Build | House |
| 7:51 | Build | House |
| 8:10 | Build | Mining Camp |
| 8:23 | Research | Feudal Age |
| 8:25 | Queue | Militia |
| 8:26 | Queue | Militia |
| 8:31 | Build | House |
| 9:26 | Queue | Militia |
| 9:37 | Build | House |
| 9:42 | Build | Mining Camp |
| 9:49 | Queue | Militia |
| 10:00 | Queue | Villager (Male) |
| 10:12 | Queue | Villager (Male) |
| 10:33 | Age | Feudal Age |
| 10:37 | Build | Watch Tower |
| 10:45 | Research | Man-at-Arms (upgrade) |
| 10:45 | Research | Man-at-Arms (upgrade) |
| 10:55 | Build | Mill |
| 10:59 | Queue | Villager (Male) |
| 11:25 | Queue | Villager (Male) |
| 12:08 | Build | Farm |
| 12:09 | Build | Farm |
| 12:09 | Build | Farm |
| 12:11 | Queue | Villager (Male) |
| 12:20 | Build | Watch Tower |
| 12:27 | Queue | Villager (Male) |
| 12:52 | Build | Dock |
| 13:32 | Queue | Villager (Male) |
| 13:46 | Queue | Villager (Male) |
| 13:46 | Queue | Villager (Male) |
| 13:58 | Queue | Villager (Male) |
| 14:00 | Build | Farm |
| 14:04 | Queue | Fishing Ship |
| 14:07 | Build | House |
| 14:45 | Queue | Villager (Male) |
| 15:01 | Queue | Villager (Male) |
| 15:04 | Build | Farm |
| 15:05 | Queue | Villager (Male) |
| 15:09 | Build | Farm |
| 15:14 | Build | Farm |
| 15:16 | Queue | Villager (Male) |
| 15:25 | Build | Watch Tower |
| 15:37 | Queue | Villager (Male) |
| 15:41 | Build | Stone Wall |
| 15:42 | Build | Stone Wall |
| 15:44 | Build | Stone Wall |
| 15:45 | Build | Stone Wall |
| 16:03 | Queue | Fishing Ship |
| 16:19 | Build | Farm |
| 16:20 | Queue | Fishing Ship |
| 16:57 | Build | House |
| 17:11 | Research | Arson |
| 17:30 | Queue | Fishing Ship |
| 17:41 | Queue | Villager (Male) |
| 17:44 | Build | Fish Trap |
| 17:52 | Queue | Villager (Male) |
| 18:07 | Build | Farm |
| 18:56 | Research | Wheelbarrow |
| 19:08 | Queue | Villager (Male) |
| 19:13 | Build | Market |
| 19:33 | Research | Double-Bit Axe |
| 19:33 | Research | Double-Bit Axe |
| 20:15 | Build | Blacksmith |
| 20:33 | Build | Mining Camp |
| 20:55 | Research | Castle Age |
| 21:34 | Build | Fish Trap |
| 21:44 | Queue | Villager (Male) |
| 21:54 | Build | Fish Trap |
| 22:38 | Build | Lumber Camp |
| 23:03 | Build | Fish Trap |
| 23:06 | Queue | Fishing Ship |
| 23:20 | Queue | Villager (Male) |
| 23:35 | Age | Castle Age |
| 23:35 | Build | Farm |
| 23:59 | Build | Monastery |
| 24:35 | Build | University |
| 25:40 | Research | Imperial Age |
| 26:15 | Build | Castle |
| 26:31 | Queue | Monk |
| 26:42 | Research | Gold Mining |
| 27:06 | Build | Monastery |
| 27:34 | Queue | Villager (Male) |
| 27:41 | Queue | Samurai |
| 27:45 | Queue | Samurai |
| 28:03 | Queue | Monk |
| 28:05 | Queue | Monk |
| 28:18 | Build | Monastery |
| 28:42 | Build | Gate |
| 28:50 | Age | Imperial Age |
| 28:56 | Research | Tech 908 |
| 29:00 | Queue | Trebuchet (Packed) |
| 29:02 | Queue | Monk |
| 29:02 | Queue | Monk |
| 29:04 | Queue | Villager (Male) |
| 29:07 | Research | Block Printing |
| 29:07 | Research | Block Printing |
| 29:11 | Queue | Monk |
| 29:21 | Queue | Monk |
| 29:27 | Build | House |
| 29:28 | Build | House |
| 29:29 | Build | House |
| 29:43 | Research | Fervor |
| 29:50 | Queue | Trebuchet (Packed) |
| 30:03 | Research | Atonement |
| 30:31 | Queue | Trebuchet (Packed) |
| 30:35 | Build | House |
| 30:54 | Research | Illumination |
| 31:04 | Research | Sanctity |
| 31:04 | Queue | Monk |
| 31:08 | Queue | Monk |
| 31:33 | Queue | Samurai |
| 31:48 | Queue | Samurai ×3 |
| 31:54 | Queue | Monk |
| 32:27 | Queue | Trebuchet (Packed) |
| 32:30 | Queue | Villager (Male) |
| 32:30 | Queue | Villager (Male) |
| 32:42 | Queue | Villager (Male) |
| 32:49 | Queue | Monk ×2 |
| 33:29 | Queue | Monk |
| 33:30 | Queue | Monk |
| 33:34 | Queue | Spearman |
Build order — Failey
First 150 of 233 actions detected
| 0:03 | Build | House |
| 0:04 | Build | House |
| 0:04 | Queue | Villager (Male) |
| 0:17 | Queue | Villager (Male) |
| 0:28 | Queue | Villager (Male) |
| 0:39 | Build | Lumber Camp |
| 0:40 | Queue | Villager (Male) |
| 1:36 | Queue | Villager (Male) |
| 2:17 | Queue | Villager (Male) |
| 2:37 | Queue | Villager (Male) |
| 3:05 | Queue | Villager (Male) |
| 3:14 | Queue | Villager (Male) |
| 3:46 | Queue | Villager (Male) |
| 3:47 | Queue | Villager (Male) |
| 3:58 | Queue | Villager (Male) |
| 3:58 | Queue | Villager (Male) |
| 4:08 | Queue | Villager (Male) |
| 4:08 | Queue | Villager (Male) |
| 4:15 | Build | House |
| 4:41 | Queue | Villager (Male) |
| 4:56 | Queue | Villager (Male) |
| 4:56 | Queue | Villager (Male) |
| 6:00 | Queue | Villager (Male) |
| 6:26 | Build | House |
| 6:42 | Queue | Villager (Male) |
| 6:52 | Queue | Villager (Male) |
| 6:59 | Build | Dock |
| 7:10 | Queue | Villager (Male) |
| 7:43 | Queue | Villager (Male) |
| 7:51 | Build | Lumber Camp |
| 8:14 | Build | House |
| 8:17 | Queue | Fishing Ship |
| 8:31 | Queue | Villager (Male) |
| 9:00 | Queue | Fishing Ship |
| 9:11 | Build | Mill |
| 9:14 | Queue | Villager (Male) |
| 9:28 | Build | Mining Camp |
| 9:31 | Research | Feudal Age |
| 10:10 | Build | House |
| 10:31 | Queue | Fishing Ship |
| 10:38 | Build | House |
| 11:35 | Research | Loom |
| 11:43 | Build | House |
| 11:45 | Build | Palisade Wall |
| 11:49 | Age | Feudal Age |
| 11:51 | Queue | Villager (Male) |
| 11:56 | Build | Market |
| 12:02 | Build | Blacksmith |
| 12:21 | Queue | Villager (Male) |
| 12:38 | Queue | Villager (Male) |
| 13:42 | Research | Castle Age |
| 13:42 | Research | Castle Age |
| 13:50 | Queue | Fishing Ship |
| 14:27 | Build | House |
| 14:29 | Build | Palisade Wall |
| 14:33 | Queue | Fishing Ship |
| 14:48 | Build | Fish Trap |
| 14:54 | Build | Fish Trap |
| 15:00 | Research | Double-Bit Axe |
| 15:03 | Research | Horse Collar |
| 15:40 | Build | House |
| 15:42 | Build | House |
| 15:56 | Build | Barracks |
| 16:08 | Build | Palisade Wall |
| 16:09 | Build | Palisade Wall |
| 16:10 | Build | Palisade Wall |
| 16:22 | Age | Castle Age |
| 16:27 | Build | Palisade Wall |
| 16:28 | Build | Palisade Wall |
| 16:29 | Build | Palisade Wall |
| 16:31 | Build | Palisade Wall |
| 16:58 | Queue | Villager (Male) |
| 17:04 | Build | Stable |
| 17:09 | Build | Stable |
| 17:13 | Research | Scale Barding Armor |
| 17:13 | Queue | Villager (Male) |
| 17:18 | Build | Palisade Wall |
| 17:41 | Build | Town Center |
| 17:43 | Queue | Knight |
| 17:54 | Queue | Battle Elephant |
| 17:57 | Queue | Villager (Male) |
| 19:10 | Build | Dock |
| 19:46 | Build | Farm |
| 19:46 | Build | Farm |
| 19:47 | Build | Farm |
| 19:47 | Build | Farm |
| 19:47 | Build | Farm |
| 19:47 | Build | Farm |
| 19:50 | Build | Farm |
| 19:50 | Build | Farm |
| 19:51 | Build | Farm |
| 19:51 | Build | Farm |
| 19:51 | Build | Farm |
| 19:51 | Build | Farm |
| 19:52 | Build | Farm |
| 20:07 | Build | House |
| 20:29 | Queue | Villager (Male) |
| 20:33 | Build | Fish Trap |
| 20:35 | Build | Fish Trap |
| 21:04 | Queue | Villager (Male) |
| 21:31 | Queue | Villager (Male) |
| 21:35 | Build | Fish Trap |
| 21:36 | Queue | Villager (Male) |
| 21:39 | Queue | Villager (Male) |
| 21:41 | Build | Farm |
| 22:01 | Queue | Battle Elephant |
| 22:02 | Queue | Battle Elephant |
| 22:07 | Queue | Battle Elephant |
| 22:07 | Queue | Battle Elephant |
| 22:11 | Queue | Villager (Male) |
| 22:11 | Queue | Villager (Male) |
| 22:15 | Build | Farm |
| 22:17 | Queue | Villager (Male) |
| 22:35 | Queue | Villager (Male) |
| 22:38 | Build | Farm |
| 22:42 | Build | Farm |
| 22:49 | Queue | Villager (Male) |
| 22:51 | Queue | Villager (Male) |
| 22:52 | Queue | Villager (Male) |
| 23:07 | Build | Gate |
| 23:10 | Build | Stone Wall |
| 23:17 | Research | Husbandry |
| 23:19 | Queue | Villager (Male) |
| 23:22 | Build | Farm |
| 23:44 | Queue | Battle Elephant |
| 23:44 | Queue | Battle Elephant |
| 23:48 | Build | Farm |
| 24:06 | Queue | Villager (Male) |
| 24:07 | Queue | Villager (Male) |
| 24:19 | Build | Stone Wall |
| 24:21 | Queue | Villager (Male) |
| 24:24 | Queue | Villager (Male) |
| 24:31 | Build | House |
| 24:33 | Build | House |
| 24:53 | Queue | Villager (Male) |
| 25:00 | Build | House |
| 25:02 | Build | House |
| 25:07 | Build | House |
| 25:08 | Research | Chain Barding Armor |
| 25:10 | Queue | Villager (Male) |
| 25:17 | Build | Mining Camp |
| 25:18 | Queue | Villager (Male) |
| 25:23 | Queue | Villager (Male) |
| 25:35 | Research | Bloodlines |
| 25:35 | Research | Light Cavalry (upgrade) |
| 25:35 | Queue | Villager (Male) |
| 25:57 | Queue | Villager (Male) |
| 26:06 | Build | House |
| 26:07 | Build | House |
| 26:11 | Research | Bow Saw |
Build order — CharChar
First 150 of 328 actions detected
| 0:03 | Queue | Villager (Male) |
| 0:03 | Queue | Villager (Male) |
| 0:05 | Build | House |
| 0:06 | Build | House |
| 0:09 | Queue | Villager (Male) |
| 0:10 | Queue | Villager (Male) |
| 1:37 | Queue | Villager (Male) |
| 2:10 | Queue | Villager (Male) |
| 2:17 | Build | Lumber Camp |
| 2:29 | Queue | Villager (Male) |
| 2:59 | Queue | Villager (Male) |
| 3:27 | Queue | Villager (Male) |
| 3:51 | Queue | Villager (Male) |
| 4:02 | Build | House |
| 4:12 | Queue | Villager (Male) |
| 4:39 | Queue | Villager (Male) |
| 5:06 | Queue | Villager (Male) |
| 5:07 | Queue | Villager (Male) |
| 5:51 | Build | House |
| 5:57 | Build | Palisade Wall |
| 6:00 | Build | Palisade Wall |
| 6:01 | Build | Palisade Wall |
| 6:07 | Build | Palisade Wall |
| 6:09 | Build | Palisade Wall |
| 6:11 | Research | Loom |
| 6:24 | Queue | Villager (Male) |
| 6:24 | Queue | Villager (Male) |
| 6:41 | Queue | Villager (Male) |
| 6:41 | Queue | Villager (Male) |
| 6:42 | Queue | Villager (Male) |
| 6:42 | Queue | Villager (Male) |
| 7:33 | Build | Dock |
| 7:47 | Build | Mill |
| 8:11 | Build | Mining Camp |
| 8:37 | Queue | Fishing Ship |
| 8:38 | Queue | Fishing Ship |
| 8:55 | Queue | Villager (Male) |
| 9:25 | Build | House |
| 9:40 | Build | House |
| 9:55 | Queue | Villager (Male) |
| 9:59 | Queue | Villager (Male) |
| 10:08 | Queue | Fishing Ship |
| 11:00 | Research | Feudal Age |
| 11:49 | Build | Barracks |
| 12:18 | Age | Feudal Age |
| 12:23 | Queue | Villager (Male) |
| 12:30 | Build | Market |
| 12:34 | Build | Blacksmith |
| 12:42 | Queue | Villager (Male) |
| 13:01 | Build | Palisade Wall |
| 13:02 | Build | Palisade Wall |
| 13:07 | Build | Palisade Wall |
| 13:14 | Queue | Villager (Male) |
| 13:27 | Build | Stable |
| 13:40 | Queue | Fishing Ship |
| 13:59 | Queue | Villager (Male) |
| 14:47 | Research | Castle Age |
| 15:44 | Build | House |
| 15:50 | Research | Double-Bit Axe |
| 15:55 | Research | Tech 906 |
| 16:10 | Build | Dock |
| 16:23 | Age | Castle Age |
| 16:39 | Queue | Villager (Male) |
| 16:51 | Queue | Villager (Male) |
| 16:55 | Build | Town Center |
| 17:25 | Research | Bow Saw |
| 17:26 | Queue | Villager (Male) |
| 17:29 | Build | Palisade Wall |
| 17:31 | Build | Palisade Wall |
| 17:43 | Build | House |
| 17:44 | Queue | Fishing Ship |
| 17:46 | Queue | Fishing Ship |
| 17:50 | Build | Fish Trap |
| 17:58 | Build | Fish Trap |
| 18:00 | Queue | Villager (Male) |
| 18:00 | Queue | Villager (Male) |
| 18:23 | Build | Monastery |
| 18:25 | Queue | Villager (Male) |
| 18:28 | Queue | Fishing Ship |
| 18:47 | Queue | Villager (Male) |
| 18:47 | Queue | Villager (Male) |
| 18:51 | Build | Fish Trap |
| 18:53 | Queue | Fishing Ship |
| 19:04 | Build | House |
| 19:13 | Queue | Villager (Male) |
| 19:14 | Queue | Villager (Male) |
| 19:15 | Research | Gillnets |
| 19:20 | Queue | Monk |
| 19:24 | Build | House |
| 19:27 | Queue | Fishing Ship |
| 19:32 | Queue | Fishing Ship |
| 19:36 | Build | Fish Trap |
| 19:43 | Queue | Villager (Male) |
| 19:43 | Queue | Villager (Male) |
| 19:43 | Queue | Villager (Male) |
| 19:59 | Queue | Villager (Male) |
| 20:02 | Build | House |
| 20:16 | Build | Fish Trap |
| 20:36 | Build | Fish Trap |
| 20:39 | Build | Fish Trap |
| 20:41 | Build | House |
| 20:44 | Build | Fish Trap |
| 20:46 | Build | Fish Trap |
| 20:47 | Build | Fish Trap |
| 20:47 | Build | Fish Trap |
| 20:47 | Build | Fish Trap |
| 20:48 | Build | Fish Trap |
| 20:50 | Queue | Villager (Male) |
| 20:51 | Queue | Villager (Male) |
| 20:54 | Build | Town Center |
| 20:58 | Queue | Villager (Male) |
| 21:04 | Build | Fish Trap |
| 21:14 | Queue | Fishing Ship |
| 21:14 | Queue | Fishing Ship |
| 21:15 | Queue | Fishing Ship |
| 21:18 | Build | House |
| 21:49 | Build | Town Center |
| 21:55 | Queue | Fishing Ship |
| 21:55 | Queue | Fishing Ship |
| 22:08 | Build | Dock |
| 22:11 | Queue | Fishing Ship |
| 22:11 | Queue | Fishing Ship |
| 22:12 | Queue | Villager (Male) |
| 22:37 | Queue | Villager (Male) |
| 22:37 | Queue | Villager (Male) |
| 22:37 | Queue | Villager (Male) |
| 22:37 | Queue | Villager (Male) |
| 22:38 | Queue | Villager (Male) |
| 22:41 | Queue | Fishing Ship |
| 22:41 | Queue | Fishing Ship |
| 22:58 | Build | Dock |
| 23:01 | Queue | Fishing Ship |
| 23:01 | Queue | Fishing Ship |
| 23:07 | Build | Fish Trap |
| 23:08 | Build | Fish Trap |
| 23:08 | Build | Fish Trap |
| 23:09 | Build | Fish Trap |
| 23:10 | Build | Fish Trap |
| 23:11 | Build | Fish Trap |
| 23:11 | Build | Fish Trap |
| 23:12 | Build | Fish Trap |
| 23:13 | Build | Fish Trap |
| 23:13 | Build | Fish Trap |
| 23:14 | Build | Fish Trap |
| 23:15 | Build | Fish Trap |
| 23:15 | Build | Fish Trap |
| 23:15 | Build | Fish Trap |
| 23:21 | Queue | Fishing Ship |
| 23:22 | Queue | Villager (Male) |
| 23:22 | Queue | Villager (Male) |
Match timeline
| 0:52 | Frédéric Chopin · wall_segment Palisade Wall x4 |
| 0:55 | Frédéric Chopin · wall_segment Palisade Wall x7 |
| 0:57 | Frédéric Chopin · wall_segment Palisade Wall x6 |
| 1:22 | MrDoDo · wall_segment Palisade Wall x12 |
| 2:28 | Frédéric Chopin · wall_segment Palisade Wall x14 |
| 2:31 | Tulendeena · wall_segment Palisade Wall x5 |
| 2:43 | Tulendeena · wall_segment Palisade Wall x2 |
| 2:44 | Tulendeena · wall_segment Palisade Wall x3 |
| 3:03 | MrDoDo · wall_segment Palisade Wall x1 |
| 3:40 | Tulendeena · wall_segment Palisade Wall x1 |
| 4:00 | Tulendeena · wall_segment Palisade Wall x1 |
| 4:04 | Tulendeena · wall_segment Palisade Wall x2 |
| 4:12 | MrDoDo · wall_segment Palisade Wall x1 |
| 4:17 | MrDoDo · wall_segment Palisade Wall x1 |
| 4:25 | Tulendeena · wall_segment Palisade Wall x1 |
| 4:30 | MrDoDo · wall_segment Palisade Wall x1 |
| 5:57 | CharChar · wall_segment Palisade Wall x1 |
| 6:00 | CharChar · wall_segment Palisade Wall x1 |
| 6:01 | CharChar · wall_segment Palisade Wall x1 |
| 6:07 | CharChar · wall_segment Palisade Wall x1 |
| 6:09 | CharChar · wall_segment Palisade Wall x1 |
| 6:19 | Tulendeena · wall_segment Palisade Wall x1 |
| 6:59 | Failey · first_building Dock |
| 7:09 | Grand Nagus · first_building Barracks |
| 7:25 | Z4Ge · first_building Dock |
| 7:32 | Frédéric Chopin · first_building Barracks |
| 7:33 | CharChar · first_building Dock |
| 8:07 | MrDoDo · first_building Dock |
| 8:28 | Grand Nagus · age_up feudal |
| 8:29 | Grand Nagus · first_building Archery Range |
| 8:50 | Tulendeena · wall_segment Palisade Wall x3 |
| 9:14 | Tulendeena · wall_segment Palisade Wall x5 |
| 9:20 | Tulendeena · wall_segment Palisade Wall x3 |
| 10:10 | Tulendeena · first_building Dock |
| 10:27 | Z4Ge · first_building Barracks |
| 10:32 | Alian713 · age_up feudal |
| 10:33 | Tulendeena · age_up feudal |
| 10:33 | Frédéric Chopin · age_up feudal |
| 10:36 | Tulendeena · wall_segment Stone Wall x7 |
| 10:42 | Tulendeena · wall_segment Stone Wall x2 |
| 10:43 | Z4Ge · age_up feudal |
| 10:47 | MrDoDo · wall_segment Palisade Wall x13 |
| 10:50 | Tulendeena · wall_segment Stone Wall x1 |
| 10:52 | Tulendeena · wall_segment Stone Wall x6 |
| 10:57 | Tulendeena · wall_segment Stone Wall x3 |
| 11:10 | MrDoDo · wall_segment Palisade Wall x8 |
| 11:34 | MrDoDo · age_up feudal |
| 11:45 | Failey · wall_segment Palisade Wall x8 |
| 11:49 | Failey · age_up feudal |
| 11:49 | CharChar · first_building Barracks |
| 12:06 | MrDoDo · wall_segment Palisade Wall x3 |
| 12:18 | CharChar · age_up feudal |
| 12:38 | MrDoDo · wall_segment Stone Wall x3 |
| 12:42 | MrDoDo · wall_segment Stone Wall x4 |
| 12:52 | Frédéric Chopin · first_building Dock |
| 13:01 | CharChar · wall_segment Palisade Wall x1 |
| 13:02 | CharChar · wall_segment Palisade Wall x1 |
| 13:07 | CharChar · wall_segment Palisade Wall x1 |
| 13:21 | Failey · first_market_sell 500 wood |
| 13:24 | Failey · first_market_buy 100 food |
| 13:27 | CharChar · first_building Stable |
| 13:37 | CharChar · first_market_buy 100 food |
| 14:13 | MrDoDo · wall_segment Stone Wall x2 |
| 14:17 | MrDoDo · wall_segment Stone Wall x1 |
| 14:18 | MrDoDo · wall_segment Stone Wall x1 |
| 14:27 | Alian713 · age_up castle |
| 14:27 | CharChar · first_market_sell 100 wood |
| 14:29 | Failey · wall_segment Palisade Wall x5 |
| 14:54 | Alian713 · first_market_buy 100 food |
| 15:00 | Tulendeena · wall_segment Stone Wall x12 |
| 15:18 | Grand Nagus · wall_segment Palisade Wall x1 |
| 15:41 | Frédéric Chopin · wall_segment Stone Wall x1 |
| 15:42 | Frédéric Chopin · wall_segment Stone Wall x7 |
| 15:44 | Frédéric Chopin · wall_segment Stone Wall x10 |
| 15:45 | Frédéric Chopin · wall_segment Stone Wall x10 |
| 15:56 | Failey · first_building Barracks |
| 16:08 | Failey · wall_segment Palisade Wall x1 |
| 16:09 | Failey · wall_segment Palisade Wall x1 |
| 16:10 | Failey · wall_segment Palisade Wall x1 |
| 16:12 | MrDoDo · wall_segment Stone Wall x11 |
| 16:22 | Failey · age_up castle |
| 16:23 | CharChar · age_up castle |
| 16:27 | Failey · wall_segment Palisade Wall x1 |
| 16:28 | Failey · wall_segment Palisade Wall x1 |
| 16:29 | Failey · wall_segment Palisade Wall x1 |
| 16:31 | Failey · wall_segment Palisade Wall x1 |
| 17:04 | Failey · first_building Stable |
| 17:18 | Failey · wall_segment Palisade Wall x1 |
| 17:19 | MrDoDo · wall_segment Stone Wall x1 |
| 17:21 | MrDoDo · wall_segment Stone Wall x15 |
| 17:29 | CharChar · wall_segment Palisade Wall x1 |
| 17:31 | CharChar · wall_segment Palisade Wall x2 |
| 18:19 | Grand Nagus · first_market_buy 100 food |
| 18:20 | Grand Nagus · first_market_sell 100 wood |
| 18:23 | CharChar · first_building Monastery |
| 18:37 | MrDoDo · wall_segment Stone Wall x6 |
| 18:39 | MrDoDo · wall_segment Stone Wall x6 |
| 19:05 | Tulendeena · first_market_buy 100 food |
| 19:20 | Tulendeena · first_market_sell 100 wood |
| 19:37 | MrDoDo · age_up castle |
| 20:13 | Tulendeena · wall_segment Stone Wall x1 |
| 20:15 | Tulendeena · wall_segment Stone Wall x1 |
| 20:43 | Grand Nagus · wall_segment Palisade Wall x1 |
| 21:11 | Grand Nagus · age_up castle |
| 21:12 | Grand Nagus · first_building Castle |
| 21:18 | MrDoDo · first_market_buy 100 food |
| 21:32 | Z4Ge · age_up castle |
| 21:34 | MrDoDo · first_building Monastery |
| 22:01 | Tulendeena · wall_segment Stone Wall x1 |
| 22:05 | Z4Ge · first_market_buy 100 wood |
| 22:35 | Alian713 · first_building Monastery |
| 22:39 | Tulendeena · wall_segment Palisade Wall x1 |
| 23:05 | Tulendeena · age_up castle |
| 23:07 | Tulendeena · first_building Castle |
| 23:10 | Failey · wall_segment Stone Wall x3 |
| 23:28 | MrDoDo · wall_segment Stone Wall x8 |
| 23:35 | Frédéric Chopin · age_up castle |
| 23:51 | Frédéric Chopin · first_market_buy 100 wood |
| 23:59 | Frédéric Chopin · first_building Monastery |
| 24:18 | Z4Ge · first_building Monastery |
| 24:19 | Failey · wall_segment Stone Wall x1 |
| 24:28 | Tulendeena · wall_segment Stone Wall x3 |
| 24:35 | Tulendeena · wall_segment Stone Wall x5 |
| 24:39 | Tulendeena · first_building Monastery |
| 25:12 | Frédéric Chopin · first_market_sell 100 food |
| 25:15 | Alian713 · first_building Barracks |
| 25:19 | Grand Nagus · wall_segment Stone Wall x6 |
| 25:25 | MrDoDo · first_building Castle |
| 25:28 | Grand Nagus · wall_segment Stone Wall x4 |
| 25:34 | Alian713 · first_market_sell 100 food |
| 25:45 | Grand Nagus · wall_segment Stone Wall x1 |
| 25:50 | Grand Nagus · wall_segment Stone Wall x1 |
| 25:56 | Grand Nagus · wall_segment Stone Wall x1 |
| 26:03 | Grand Nagus · wall_segment Stone Wall x1 |
| 26:15 | Frédéric Chopin · first_building Castle |
| 26:19 | Grand Nagus · wall_segment Stone Wall x1 |
| 26:20 | Alian713 · first_building Archery Range |
| 26:33 | Grand Nagus · wall_segment Stone Wall x1 |
| 27:13 | Tulendeena · age_up imperial |
| 27:19 | Alian713 · first_building Siege Workshop |
| 27:26 | Z4Ge · first_building Castle |
| 27:27 | Tulendeena · first_building Barracks |
| 28:45 | Grand Nagus · age_up imperial |
| 28:50 | Frédéric Chopin · age_up imperial |
| 28:57 | Z4Ge · age_up imperial |
| 28:59 | Alian713 · age_up imperial |
| 29:09 | Z4Ge · first_market_sell 100 food |
| 29:30 | Z4Ge · first_building Siege Workshop |
| 29:56 | CharChar · first_building Castle |
| 30:07 | CharChar · first_building Archery Range |
| 30:17 | CharChar · first_building Siege Workshop |
| 30:29 | CharChar · age_up imperial |
| 30:54 | MrDoDo · first_building Barracks |
| 31:33 | MrDoDo · first_building Archery Range |
| 31:49 | MrDoDo · first_building Siege Workshop |
| 31:52 | Alian713 · first_building Castle |
| 32:10 | Grand Nagus · wall_segment Palisade Wall x1 |
| 32:49 | MrDoDo · age_up imperial |
| 33:10 | Tulendeena · first_building Archery Range |
| 33:12 | Grand Nagus · wall_segment Palisade Wall x1 |
| 34:06 | Failey · resign |
[ AI ANALYSIS · 1 CREDIT ]
What really happened in this match?
Wolo.gg analyzes every decision: build order, eco, micro, common mistakes by bracket. Personalized analysis on WhatsApp or Discord in 30 seconds.
Civ guide
Lithuanians
Perfil
Jugador #208313